AoeStats
← jamakucky

Arabia

510030904Analyzed
1v1 RM · 1d ago on Sep 29, 2026· 37m 45s· 2 players
Game mode
Random Map
Map size
Tiny (2 player)
Population
200
Speed
Normal
Resources
Standard
Victory
Conquest
Starting age
Dark Age
Ending age
Imperial Age
RankedLock teamsTeams togetherTeam positionsShared explorationLock speedFull tech treeHidden civsTurbo modeCheats
Victory
Defeat
🇰🇿 Persians · Kazakhstan
1154
+17
🇺🇸 Portuguese · United States
1176
-17
jamakucky
6:27 Loom
22:43 Feudal Age
24:03 Double-Bit Axe
27:21 Horse Collar
27:51 Man-at-Arms
32:26 Fletching
32:36 Padded Archer Armor
36:59 Castle Age
37:42 Wheelbarrow
37:44 Bodkin Arrow
37:13 Elite Skirmisher
TheSchredder
6:14 Loom
9:32 Feudal Age
10:41 Double-Bit Axe
Connection lost

Rejoining the realm…

Still unreachable

The connection could not be restored.

Session expired

The server has moved on; the page needs a fresh start.